 Dungeon Crawl Stone Soup version 0.31-a0-995-g04711c9635 (webtiles) character file.

Game seed: 7151384443155804986

4031 AceOff the Thaumaturge (level 10, -8/62 HPs)
             Began as a Djinni Fire Elementalist on Nov 6, 2023.
             Was a High Priest of Jiyva (penitent).
             Killed from afar by a white imp (illusionary) (13 damage)
             ... with a puff of frost
             ... on level 8 of the Dungeon.
             The game lasted 00:25:30 (6320 turns).

AceOff the Thaumaturge (Djinni Fire Elementalist)   Turns: 6320, Time: 00:25:31

Health: -8/62      AC:  5    Str:  5    XL:     10   Next: 48%
Gold:   155        EV: 17    Int: 19    God:    Jiyva [*****.] SH:  0 Dex: 22

rFire   + + +        l - staff of earth
rCold   x . .        (no shield)
rNeg    . . .        a - +0 robe
rPois   ∞            (no helmet)
rElec   .            q - +0 cloak
rCorr   .            (no gloves)
SInv    .            (boots unavailable)
Will    ++...        d - amulet of faith
Stlth   ++++         (no ring)
HPRegen 0.30/turn    (no ring)
MPRegen 0.00/turn

%: random rage (3%), faith, infuse magic (-9 HP)
@: flying, very slightly contaminated
A: sickness immunity, fire resistance 3, cold vulnerability 1, float, innate
caster, HP casting, extra vitality 1, agile 2, berserk 1, strong-willed 1,
gelatinous body 2, tendrils, inability to drink after injury 1, MP-powered wands
a: Renounce Religion


You were on level 8 of the Dungeon.
You worshipped Jiyva.
Jiyva was demanding penance.
You visited 1 branch of the dungeon, and saw 8 of its levels.
You also visited: Ossuary.

You collected 155 gold pieces.

Inventory:

Armour
 a - a +0 robe (worn)
 m - +0 fire dragon scales
 q - a +0 cloak (worn)
Magical Staves
 l - a staff of earth (weapon)
Jewellery
 d - an amulet of faith (around neck)
 f - a +4 ring of protection
Wands
 o - a wand of mindburst (7)
 s - a wand of roots (5)
 t - a wand of digging (9)
 y - a wand of paralysis (8)
Scrolls
 b - 2 scrolls of immolation
 c - a scroll of vulnerability {unknown}
 e - a scroll of torment {unknown}
 h - a scroll of brand weapon
 j - a scroll of revelation
 k - a scroll of poison {unknown}
 r - a scroll of amnesia {unknown}
 v - a scroll of enchant armour {unknown}
 z - a scroll of fog
 A - a scroll of noise {unknown}
 F - a scroll of teleportation {unknown}
Potions
 g - 4 potions of mutation
 i - 2 potions of heal wounds
 n - a potion of haste {unknown}
 p - a potion of invisibility {unknown}
 u - 3 potions of berserk rage
 x - 5 potions of curing
 B - a potion of brilliance {unknown}
 C - 2 potions of enlightenment
 D - a potion of attraction {unknown}
 E - a potion of lignification {unknown}


   Skills:
 - Level 1.0 Fighting
 + Level 5.0 Dodging
 + Level 6.1 Stealth
 + Level 9.6 Spellcasting
 + Level 9.6 Conjurations
 + Level 9.6 Hexes
 + Level 9.6 Summonings
 + Level 9.6 Necromancy
 + Level 9.6 Translocations
 + Level 9.6 Transmutations
 + Level 9.6 Fire Magic
 + Level 9.6 Ice Magic
 + Level 9.6 Air Magic
 + Level 9.6 Earth Magic
 + Level 9.6 Poison Magic


You knew the following spells:

 Your Spells              Type           Power      Damage    Failure   Level
a - Foxfire               Conj/Fire      100%       2x1d9     1%          1
b - Scorch                Fire           92%        2d8       1%          2
c - Volatile Blastmotes   Fire/Tloc      92%        2d17      1%          3
d - Inner Flame           Hex/Fire       46%        N/A       1%          3
e - Flame Wave            Conj/Fire      46%        2d12      1%          4
f - Kiss of Death         Conj/Necr      100%       2d13      1%          1
g - Searing Ray           Conj           92%        2d7       1%          2
h - Poisonous Vapours     Pois/Air       92%        N/A       1%          2
i - Call Canine Familiar  Summ           46%        N/A       1%          3
Your spell library was empty.

Dungeon Overview and Level Annotations

Branches:
Dungeon (8/15)             Temple (0/1) D:5         Ossuary (visited)
   Lair: D:8-11

Altars:
Elyvilon
Gozag
Hepliaklqana
Qazlal
Trog
Wu Jian
Xom
Yredelemnul
Jiyva

Shops:
D:4 [


Innate Abilities, Weirdness & Mutations

You are immune to sickness and miasma.
You are immune to poison.
Your flesh is almost immune to the effects of heat. (rF+++)
You are vulnerable to cold. (rC-)
You float through the air rather than walking.
You learn spells naturally, not from books.
Your magical power is your life essence.
You have superior vitality. (+4 MHP)
You are very agile. (Dex +8, Str/Int -2)
You sometimes lose your temper in combat.
You are strong-willed. (Will+)
Your pliable body absorbs attacks. (AC +2, EV +2)
You are covered in slimy tendrils that may disarm your opponents.
You occasionally lose the ability to drink potions when taking damage.
You expend health (3 HP) to strengthen your wands.


Message History

Press: ? - help, Shift-Dir - straight line, f/p - rakshasa
Aim: a rakshasa, wielding a +0 whip and wearing a +0 robe (moderately wounded, ally target, 73% to hit)
The searing ray hits the rakshasa.
The rakshasa is moderately wounded. (Press . to maintain the ray.)
Your wolf closely misses the rakshasa. x2
A white imp comes into view.
Your wolf barely misses the rakshasa.
The rakshasa hits you with a +0 whip.
Your wolf barely misses the rakshasa.
Casting: Searing Ray (safe; 1% risk of failure)
Confirm with . or Enter, or press ? or * to list all spells.
You conjure some foxfire!
Your wolf completely misses the rakshasa.
Your wolf misses the rakshasa. The rakshasa misses you.
The foxfire hits the rakshasa but does no damage.
The rakshasa is moderately wounded.
The foxfire hits the rakshasa.
The rakshasa is heavily wounded.
Your wolf barely misses the rakshasa.
Your wolf bites the rakshasa.
The rakshasa attacks as it pursues you! The rakshasa hits you with a +0 whip!!
Your tendrils lash around the rakshasa's +0 whip and pull it to the ground!
You see here a +0 whip.
As you read the scroll labelled CARGHO BAXOAM, it crumbles to dust.
The creatures around you are filled with an inner flame!
It was a scroll of immolation.
The white imp gestures at you. The puff of frost hits you!
You feel a terrible chill!
Your wolf closely misses the rakshasa.
Aiming: Mindburst
Press: ? - help, Q - select action, (/) - cycle Shift-Dir - straight line, f/p - rakshasa
Aim: a rakshasa, wearing a +0 robe (heavily wounded, inner flame, ally target, chance to affect: 0%)
You feel a surge of power!
The rakshasa resists with almost no effort.
The rakshasa barely misses you.
Your wolf barely misses the rakshasa.
Your wolf bites the rakshasa but does no damage.
The rakshasa hits you!!
* * * LOW HITPOINT WARNING * * *
The white imp gestures at you. The puff of frost hits you!
You feel a terrible chill!
You die...

..,####.### #.#)........#,,,,,,,,
.###......# #.#.........#,,,,,,**
...#......# #.#.........#,,,,,,**
...#......# #.#.........#,,,,,,,,
..........###.#.........#.,,,*,,,
...#......................,,,,,,,
...#......##..............**,,,,,
...#......###....Rh.......**,,,,,
.###......# #...@)..5.....,,,,,,,
.# ####...# #.######.5..#.,,,****
.# #...# #.#.............,,,,, .#
#...# #.#......##.....,,,,, .####
#...# #.#......##...?,,,,,, ....#
***** #.#...........,,,,,,,
.##.###### #.#....#....#,,,,,,,,
.##......# #...........#.......,
.#######)# #...##..R...#.......,


You could see a rakshasa (inner flame, ally target), 2 white imps and a friendly
wolf (summoned, inner flame).

Vanquished Creatures
  A boulder beetle (D:8)
  A vampire mosquito (D:8)
  A steam dragon (D:8)
  A water moccasin (D:7)
  An orc warrior (D:7)
  2 sky beasts
  3 ogres
  A black bear (D:5)
  3 ice beasts
  3 centaurs
  2 phantoms
  A kobold brigand (D:7)
  A bullfrog (D:6)
  2 scorpions
  4 water moccasin zombies (Ossuary)
  2 howler monkeys
  3 hounds
  3 jellies
  Crazy Yiuf (D:3)
  3 orc priests
  Ijyb (D:3)
  An iguana (D:3)
  4 orc wizards
  2 mummies (Ossuary)
  Robin (D:3)
  5 gnolls
  8 adders
  5 adder zombies (Ossuary)
  A worm (D:3)
  14 orcs
  9 ball pythons
  2 endoplasms (D:1)
  5 gnoll zombies (Ossuary)
  9 hobgoblins
  9 jackals
  6 kobolds
  2 quokkas (D:2)
  7 bats
  4 frilled lizards
  12 goblins
  6 hobgoblin zombies (Ossuary)
  2 kobold zombies
  9 orc zombies (Ossuary)
  2 rats
  2 rat zombies (D:7)
167 creatures vanquished.

Vanquished Creatures (collateral kills)
  The ghost of Yohl the Poker, a novice MiFi of Okawaru (D:7)
  A moth of wrath (D:7)
  7 foxfires (D:3)
9 creatures vanquished.

Vanquished Creatures (others)
  A slime creature (D:8)
  5 jellies
  A sleepcap (D:5)
  An adder (D:5)
  A shadow imp (D:6)
  A worm (D:3)
  A dart slug (D:1)
  A ball python (D:1)
  A bat (D:1)
  An endoplasm (D:2)
  2 giant cockroaches
  2 hobgoblins (D:1)
  3 jackals
  2 quokkas (D:5)
  A frilled lizard (D:2)
  A kobold (D:2)
  A rat (D:1)
  A butterfly (D:3)
  281 foxfires
308 creatures vanquished.

Grand Total: 484 creatures vanquished

Notes
Turn   | Place    | Note
-------+----------+-------------------------------------------
     0 | D:1      | AceOff the Djinni Fire Elementalist began the quest for the
                  | Orb.
     0 | D:1      | AceOff set off with the following spells memorised:
                  | Foxfire, Scorch, Volatile Blastmotes, Inner Flame, Flame
                  | Wave.
     0 | D:1      | Reached XP level 1. HP: 15/15 MP: 0/0
   182 | D:1      | Reached XP level 2. HP: 21/21 MP: 0/0
   232 | D:1      | Found a faded altar of an unknown god.
   274 | D:1      | Prayed at the altar of an unknown god.
   274 | D:1      | Became a worshipper of Jiyva Jyewnuud the Shapeless
   274 | D:1      | Reached * piety under Jiyva
   435 | D:1      | Reached ** piety under Jiyva
   866 | D:2      | Reached XP level 3. HP: 24/25 MP: 0/0
   866 | D:2      | Learned a level 1 spell: Kiss of Death
  1134 | D:2      | Reached *** piety under Jiyva
  1210 | D:2      | Gained mutation: Your body has grown eyes which may confuse
                  | attackers. (Acc +3) [Jiyva's grace]
  1210 | D:2      | Gained mutation: Your body has grown many eyes which may
                  | confuse attackers. (Acc +5) [Jiyva's grace]
  1210 | D:2      | Gained mutation: Your body is covered in eyes which may
                  | confuse attackers. (Acc +7, SInv) [Jiyva's grace]
  1210 | D:2      | Gained mutation: You expend health (3 HP) to strengthen
                  | your wands. [Jiyva's grace]
  1234 | D:2      | Found a shimmering altar of Xom.
  1564 | D:3      | Found a stormy altar of Qazlal.
  1568 | D:3      | Reached **** piety under Jiyva
  1643 | D:3      | Reached XP level 4. HP: 31/31 MP: 0/0
  1815 | D:3      | Noticed Robin
  1820 | D:3      | Killed Robin
  1854 | D:3      | Found a runed translucent door.
  1855 | D:3      | Noticed Crazy Yiuf
  1903 | D:3      | Found a white marble altar of Elyvilon.
  1923 | D:3      | Reached XP level 5. HP: 35/35 MP: 0/0
  1923 | D:3      | Learned a level 2 spell: Searing Ray
  2038 | D:3      | Noticed Ijyb
  2048 | D:3      | Killed Ijyb
  2149 | D:3      | Reached ***** piety under Jiyva
  2501 | D:3      | Killed Crazy Yiuf
  2585 | D:4      | Gained mutation: You possess an exceptional clarity of
                  | mind. [Jiyva's grace]
  2585 | D:4      | Gained mutation: You are strong-willed. (Will+) [Jiyva's
                  | grace]
  2585 | D:4      | Gained mutation: You are highly strong-willed. (Will++)
                  | [Jiyva's grace]
  2585 | D:4      | Gained mutation: You are extremely strong-willed. (Will+++)
                  | [Jiyva's grace]
  2711 | D:4      | Reached XP level 6. HP: 41/41 MP: 0/0
  2934 | D:4      | Found Itrereosk's Armour Shoppe.
  2957 | D:4      | Reached skill level 5 in Spellcasting
  2957 | D:4      | Reached skill level 5 in Conjurations
  2957 | D:4      | Reached skill level 5 in Hexes
  2957 | D:4      | Reached skill level 5 in Summonings
  2957 | D:4      | Reached skill level 5 in Necromancy
  2957 | D:4      | Reached skill level 5 in Translocations
  2957 | D:4      | Reached skill level 5 in Transmutations
  2957 | D:4      | Reached skill level 5 in Fire Magic
  2957 | D:4      | Reached skill level 5 in Ice Magic
  2957 | D:4      | Reached skill level 5 in Air Magic
  2957 | D:4      | Reached skill level 5 in Earth Magic
  2957 | D:4      | Reached skill level 5 in Poison Magic
  3235 | D:5      | Entered Level 5 of the Dungeon
  3363 | D:5      | Noticed an ogre
  3368 | D:5      | Killed an ogre
  3369 | D:5      | Reached XP level 7. HP: 45/46 MP: 0/0
  3369 | D:5      | Learned a level 2 spell: Poisonous Vapours
  3741 | D:5      | Found a staircase to the Ecumenical Temple.
  3752 | D:5      | Reached XP level 8. HP: 51/51 MP: 0/0
  4086 | D:6      | Reached ****** piety under Jiyva
  4145 | D:6      | Lost mutation: You possess an exceptional clarity of mind.
                  | [Jiyva's grace]
  4145 | D:6      | Gained mutation: You are agile. (Dex +4, Str/Int -1)
                  | [Jiyva's grace]
  4145 | D:6      | Gained mutation: You are very agile. (Dex +8, Str/Int -2)
                  | [Jiyva's grace]
  4145 | D:6      | Gained mutation: Your flesh is almost immune to the effects
                  | of heat. (rF+++) [Jiyva's grace]
  4145 | D:6      | Gained mutation: You have a small jelly attached to you
                  | that may absorb projectiles. [Jiyva's grace]
  4161 | D:6      | Reached skill level 1 in Fighting
  4180 | D:6      | Found a basalt altar of Yredelemnul.
  4186 | D:6      | Found a hazy altar of Hepliaklqana.
  4288 | D:6      | Found an opulent altar of Gozag.
  4639 | D:7      | Found a sand-covered staircase.
  4658 | D:7      | Reached XP level 9. HP: 33/57 MP: 0/0
  4658 | D:7      | Learned a level 3 spell: Call Canine Familiar
  4661 | Ossuary  | Entered an ossuary
  5002 | D:7      | Noticed a moth of wrath
  5006 | D:7      | Found a transporter.
  5011 | D:7      | Found a bloodstained altar of Trog.
  5011 | D:7      | Noticed Yohl's ghost (novice MiFi)
  5015 | D:7      | Noticed a two-headed ogre
  5023 | D:7      | Found a transporter.
  5298 | D:7      | Found an ornate altar of the Wu Jian Council.
  5655 | D:7      | Slimified a two-headed ogre
  5655 | D:7      | a two-headed ogre changed into a slime creature
  5657 | D:7      | Killed a moth of wrath
  5662 | D:7      | Reached skill level 5 in Stealth
  5665 | D:7      | Killed Yohl's ghost
  5666 | D:7      | Reached XP level 10. HP: 36/62 MP: 0/0
  5729 | D:8      | Identified the +1 sling of the Middle {antimagic, Str+5
                  | Int+5 Dex-5}
  5908 | D:8      | Lost mutation: You are extremely strong-willed. (Will+++)
                  | [Jiyva's grace]
  5908 | D:8      | Lost mutation: You are highly strong-willed. (Will++)
                  | [Jiyva's grace]
  5908 | D:8      | Lost mutation: Your body is covered in eyes which may
                  | confuse attackers. (Acc +7, SInv) [Jiyva's grace]
  5908 | D:8      | Lost mutation: Your body has grown many eyes which may
                  | confuse attackers. (Acc +5) [Jiyva's grace]
  5908 | D:8      | Lost mutation: Your body has grown eyes which may confuse
                  | attackers. (Acc +3) [Jiyva's grace]
  5908 | D:8      | Gained mutation: You are covered in slimy tendrils that may
                  | disarm your opponents. [Jiyva's grace]
  5908 | D:8      | Gained mutation: Your rubbery body absorbs attacks. (AC +1,
                  | EV +1) [Jiyva's grace]
  5908 | D:8      | Gained mutation: Your pliable body absorbs attacks. (AC +2,
                  | EV +2) [Jiyva's grace]
  5908 | D:8      | Gained mutation: Your gelatinous body deflects attacks. (AC
                  | +3, EV +3) [Jiyva's grace]
  5911 | D:8      | Noticed a boulder beetle
  5919 | D:8      | Killed a boulder beetle
  5919 | D:8      | Was placed under penance by Jiyva
  5929 | D:8      | Reached skill level 5 in Dodging
  5935 | D:8      | Noticed a cyclops
  5935 | D:8      | Noticed a rakshasa
  5945 | D:8      | Lost mutation: You have a small jelly attached to you that
                  | may absorb projectiles. [the all-consuming vengeance of
                  | Jiyva]
  5966 | D:8      | Identified a scroll of acquirement
  5966 | D:8      | Acquired a +4 ring of protection
  6163 | D:7      | Gained mutation: You sometimes lose your temper in combat.
                  | [mutagenic glow]
  6293 | D:8      | Gained mutation: You occasionally lose the ability to drink
                  | potions when taking damage. [the all-consuming vengeance of
                  | Jiyva]
  6303 | D:8      | Lost mutation: Your gelatinous body deflects attacks. (AC
                  | +3, EV +3) [the all-consuming vengeance of Jiyva]
  6320 | D:8      | Killed from afar by a white imp (illusionary)

Illustrated notes

Levels and vault maps discovered:
D:1:      matt_arrival_grand_opening, layout_loops_ring, basic_ecumenical_altar
D:2:      layout_loops_cross, basic_altar, minmay_pentomino_pile
D:3:      layout_loops_corners, grunt_qazlal_clouds,
          nicolae_elyvilon_peaceful_grove, serial_bayou_ford_a, uniq_ijyb,
          uniq_crazy_yiuf_cottage, uniq_robin
D:4:      layout_loops_ring, serial_shops, shop
D:5:      layout_basic, minmay_temple_entry_nine_rooms
D:6:      layout_basic, grunt_temple_overflow_open
D:7:      layout_basic, mainiacjoe_overflow_surrounded_room,
          overflow_temple_1_default, enter_ossuary_3,
          gammafunk_ghost_wrathful_warriors, dreamdust_princess_corridor,
          grunt_decor_mini_mirrors
D:8:      minmay_cut_squares, layout_basic, lemuel_coloured_pillars_altar

Skill      XL: |  1  2  3  4  5  6  7  8  9 10 |
---------------+-------------------------------+-----
Spellcasting   | 4 5 6 7 9 |  9.6
Conjurations   | 4 5 6 7 9 |  9.6
Hexes          | 4 5 6 7 9 |  9.6
Summonings     | 4 5 6 7 9 |  9.6
Necromancy     | 4 5 6 7 9 |  9.6
Translocations | 4 5 6 7 9 |  9.6
Transmutations | 4 5 6 7 9 |  9.6
Fire Magic     | 4 5 6 7 9 |  9.6
Ice Magic      | 4 5 6 7 9 |  9.6
Air Magic      | 4 5 6 7 9 |  9.6
Earth Magic    | 4 5 6 7 9 |  9.6
Poison Magic   | 4 5 6 7 9 |  9.6
Stealth        | 2 3 5 6 |  6.1
Dodging        | 3 4 5 |  5.0
Fighting       | 1 |  1.0

Action                     |  1- 3 |  4- 6 |  7- 9 | 10-12 || total
---------------------------+-------+-------+-------+-------++-------
  Melee: Staff             |       |       |     1 |       ||     1
   Cast: Foxfire           |   132 |    65 |     6 |     4 ||   207
         Scorch            |     3 |    26 |    48 |     1 ||    78
         Inner Flame       |       |    15 |    35 |    12 ||    62
         Searing Ray       |       |    13 |    18 |    10 ||    41
         Poisonous Vapours |       |       |    19 |     9 ||    28
         Flame Wave        |       |       |    14 |       ||    14
         Call Canine Famil |       |       |       |     1 ||     1
 Invoke: Slimify           |       |       |     1 |       ||     1
         Oozemancy         |       |       |     1 |       ||     1
  Evoke: Wand              |       |       |       |     2 ||     2
    Use: Scroll            |       |       |     6 |     6 ||    12
         Potion            |       |       |       |     2 ||     2
 Armour: Robe              |       |     8 |    41 |    26 ||    75
  Dodge: Dodged            |       |     8 |    28 |    15 ||    51

Table legend: (Time is in decaauts)
 A = Elapsed time spent in this place.
 B = Non-inter-level travel time spent in this place.
 C = Inter-level travel time spent in this place.
 D = Time resting spent in this place.
 E = Time spent auto-exploring this place.
 F = Levels seen in this place.
 G = Mean time per level.
                   A        B        C        D        E       F      G
               +--------+--------+--------+--------+--------+-----+--------+
         Total |   6336 |   5393 |    943 |      0 |   4418 |   9 |  704.0 |
       Dungeon |   6132 |   5189 |    943 |      0 |   4329 |   8 |  766.5 |
       Ossuary |    203 |    203 |      0 |      0 |     89 |   1 |  203.0 |
               +--------+--------+--------+--------+--------+-----+--------+

Top non-repeatable levels by time:
     D:7: 1113 daAuts
     D:3: 1088 daAuts
     D:5: 850 daAuts
     D:1: 827 daAuts
     D:4: 673 daAuts
     D:2: 644 daAuts
     D:6: 511 daAuts
     D:8: 423 daAuts
 Ossuary: 203 daAuts
